AoeStats
← scribbledreamer

Arena

507006107Analyzed
4v4 RM · 17d ago on Sep 16, 2026· 58m 17s· 8 players
Game mode
Random Map
Map size
Large (8 player)
Population
200
Speed
Normal
Resources
Standard
Victory
Conquest
Starting age
Dark Age
Ending age
Imperial Age
RankedLock teamsTeams togetherTeam positionsShared explorationLock speedFull tech treeHidden civsTurbo modeCheats
Victory
Defeat
🇨🇳 Spanish · China
910
+15
🇭🇰 Berbers · Hong Kong SAR China
898
+15
🇳🇮 Japanese · Nicaragua
896
+15
🇺🇸 Cumans · United States
882
+15
🇹🇼 Hindustanis · Taiwan
910
-16
🇮🇳 Portuguese · India
897
-16
🇨🇳 Poles · China
859
-14
🇵🇪 Mongols · Peru
846
-14
scribbledreamer
11:42 Feudal Age
14:34 Double-Bit Axe
14:50 Loom
17:15 Horse Collar
23:07 Forging
26:00 Wheelbarrow
25:56 Scale Mail Armor
25:50 Fletching
29:09 Castle Age
29:13 Scale Barding Armor
30:33 Hand Cart
30:32 Bow Saw
30:25 Heavy Plow
30:31 Bodkin Arrow
31:12 Iron Casting
31:19 Pikeman
35:37 Imperial Age
35:48 Halberdier
37:09 Cavalier
39:35 Blast Furnace
38:51 Chain Mail Armor
38:56 Chain Barding Armor
40:22 Two-Man Saw
40:05 Crop Rotation
41:03 Bloodlines
44:45 Plate Barding Armor
44:40 Plate Mail Armor
49:01 Paladin
025ISIX
2:42 Loom
11:19 Feudal Age
16:08 Castle Age
14:32 Double-Bit Axe
16:44 Town Watch
20:21 Bow Saw
23:34 Wheelbarrow
25:35 Gold Mining
27:32 Gold Shaft Mining
31:21 Imperial Age
29:11 Scale Mail Armor
29:13 Squires
28:59 Arson
29:27 Forging
29:03 Horse Collar
29:15 Stone Mining
30:31 Hand Cart
30:33 Heavy Plow
30:21 Pikeman
31:37 Chain Mail Armor
32:16 Iron Casting
32:25 Conscription
31:31 Halberdier
33:56 Two-Man Saw
33:46 Plate Mail Armor
34:09 Town Patrol
35:15 Blast Furnace
37:25 Chemistry
36:45 Ballistics
37:15 Siege Engineers
37:31 Onager
38:35 Elite Samurai
42:09 Fletching
44:18 Kataparuto
49:03 Murder Holes
老歪
0:29 Loom
10:51 Feudal Age
15:40 Castle Age
14:20 Double-Bit Axe
14:29 Horse Collar
14:59 Gold Mining
18:28 Bow Saw
20:31 Heavy Plow
22:15 Wheelbarrow
23:08 Stone Mining
23:54 Gold Shaft Mining
29:18 Hand Cart
30:05 Treadmill Crane
34:14 Imperial Age
33:28 Kasbah
34:33 Fletching
34:48 Scale Barding Armor
34:54 Forging
35:27 Ballistics
36:10 Chemistry
34:32 Elite Camel Archer
35:33 Conscription
36:52 Bodkin Arrow
37:17 Chain Barding Armor
37:32 Iron Casting
38:18 Maghrebi Camels
38:20 Murder Holes
38:31 Siege Engineers
38:37 Masonry
38:30 Bracer
39:05 Plate Barding Armor
39:28 Elite Genitour
45:38 Caravan
47:42 Heavy Camel Rider
48:35 Bloodlines
48:26 Husbandry
51:13 Blast Furnace
50:15 Padded Archer Armor
76561198104589261
0:51 Loom
10:02 Feudal Age
10:28 Double-Bit Axe
13:42 Horse Collar
18:30 Castle Age
22:18 Bow Saw
27:48 Wheelbarrow
28:35 Heavy Plow
29:00 Gold Mining
29:01 Stone Mining
29:32 Hand Cart
30:59 Bloodlines
30:50 Husbandry
35:14 Imperial Age
34:06 Pikeman
34:50 Squires
34:35 Arson
35:37 Halberdier
36:38 Elite Skirmisher
36:42 Elite Genitour
37:06 Cavalier
37:54 Scale Mail Armor
38:00 Scale Barding Armor
37:42 Gambesons
41:07 Fletching
41:33 Chain Mail Armor
41:26 Padded Archer Armor
41:36 Thumb Ring
43:02 Conscription
44:02 Chemistry
43:23 Ballistics
44:08 Elite Conquistador
47:17 Chain Barding Armor
47:09 Forging
47:50 Paladin
51:00 Plate Barding Armor
54:10 Iron Casting
53:31 Bodkin Arrow
53:52 Leather Archer Armor
LitiumJCH
9:57 Loom
13:12 Feudal Age
19:57 Castle Age
29:40 Fortified Wall
29:52 Ballistics
30:41 Husbandry
30:53 Bloodlines
35:01 Masonry
34:56 Padded Archer Armor
35:02 Scale Barding Armor
34:48 Fletching
38:36 Imperial Age
36:55 Chain Barding Armor
39:37 Heavy Camel Rider
40:44 Siege Engineers
42:23 Conscription
44:11 Chemistry
3345678
11:11 Feudal Age
12:22 Double-Bit Axe
14:59 Castle Age
16:46 Bow Saw
17:49 Horse Collar
18:50 Wheelbarrow
22:24 Loom
27:25 Ballistics
27:00 Gold Mining
27:01 Stone Mining
27:21 Caravan
30:01 Imperial Age
28:23 Ballistics
27:27 Pikeman
28:08 Squires
28:04 Fletching
28:14 Padded Archer Armor
28:04 Fletching
28:15 Padded Archer Armor
28:25 Forging
28:15 Scale Mail Armor
28:20 Scale Barding Armor
28:25 Forging
28:15 Scale Mail Armor
28:50 Husbandry
29:01 Bloodlines
28:11 Light Cavalry
29:48 Gold Shaft Mining
29:48 Stone Shaft Mining
29:48 Gold Shaft Mining
29:48 Stone Shaft Mining
29:38 Leather Archer Armor
29:28 Scale Barding Armor
29:38 Leather Archer Armor
30:27 Grand Trunk Road
30:21 Elite Ghulam
31:22 Conscription
30:54 Elite Skirmisher
31:26 Heavy Camel Rider
32:38 Caravan
34:19 Imperial Camel Rider
34:19 Hussar
37:19 Chain Mail Armor
37:39 Iron Casting
37:10 Scale Barding Armor
37:40 Iron Casting
39:20 Hand Cart
38:51 Town Watch
44:20 Blast Furnace
43:25 Scale Barding Armor
44:20 Blast Furnace
43:15 Bodkin Arrow
43:50 Ring Archer Armor
43:16 Bodkin Arrow
含光
11:21 Feudal Age
13:48 Wheelbarrow
13:25 Double-Bit Axe
15:28 Horse Collar
19:45 Castle Age
21:06 Hand Cart
28:48 Bow Saw
32:25 Heavy Plow
34:45 Light Cavalry
35:28 Husbandry
38:19 Bloodlines
44:06 Scale Barding Armor
44:12 Forging
59:06 Imperial Age
LetRapier1966
0:45 Loom
13:11 Feudal Age
14:50 Wheelbarrow
14:42 Double-Bit Axe
14:42 Horse Collar
18:15 Gold Mining
18:16 Stone Mining
21:36 Castle Age
22:43 Hand Cart
23:21 Stone Shaft Mining
22:50 Heavy Plow
27:40 Bow Saw
30:42 Imperial Age
28:24 Fletching
29:30 Bodkin Arrow
29:37 Padded Archer Armor
30:07 Pikeman
30:33 Gambesons
30:35 Arson
30:53 Scale Mail Armor
32:17 Conscription
34:00 Chain Mail Armor
33:57 Forging
33:09 Halberdier
34:19 Arquebus
35:11 Ballistics
36:02 Chemistry
37:40 Plate Mail Armor
37:01 Elite Organ Gun
43:29 Bombard Tower
Connection lost

Rejoining the realm…

Still unreachable

The connection could not be restored.

Session expired

The server has moved on; the page needs a fresh start.